 Dungeon Crawl Stone Soup version 0.31.0-11-ge490571c62 (webtiles) character file.

Game seed: 15086825592285029735

81 Killerpretzel the Changeling (level 4, 0/29 HPs)
             Began as an Octopode Shapeshifter on Feb 7, 2024.
             Slain by a gnoll
             ... wielding a +0 club
              (3 damage)
             ... on level 2 of the Dungeon.
             The game lasted 00:03:48 (1575 turns).

Killerpretzel the Changeling (OpSh)                 Turns: 1575, Time: 00:03:49

Health: 0/29       AC:  1    Str: 13    XL:     4   Next: 42%
Magic:  4/4        EV: 13    Int: 12    God:
Gold:   254        SH:  0    Dex: 13    Spells: 3/3 levels left

rFire   . .          .
                       - Unarmed
rCold   . . .        (no shield)
rNeg    . . .        (helmet currently unavailable)
rPois   .            (no amulet)
rElec   .            (no ring)
rCorr   .            (no ring)
SInv    .            (no ring)
Will    .....        (no ring)
Stlth   ++           (no ring)
HPRegen 0.24/turn    (no ring)
MPRegen 0.09/turn    (no ring)
                     (no ring)

%: no passive effects
@: beast-form
A: beast (slay +2), almost no armour, amphibious, 8 rings, camouflage 1,
gelatinous body 1, (nimble swimmer 1), tentacles
a: Begin Untransformation


You were on level 2 of the Dungeon.
You were a hulking beast.
You visited 1 branch of the dungeon, and saw 2 of its levels.

You collected 254 gold pieces.

Inventory:

Talismans
 b - a beast talisman
 c - a flux talisman
Scrolls
 d - a scroll of vulnerability {unknown}
 g - 3 scrolls of identify
 l - a scroll of enchant armour {unknown}
Potions
 a - a potion of lignification
 e - a potion of berserk rage {unknown}
 f - a potion of haste
 h - a potion of degeneration {unknown}
 i - a potion of might {unknown}
 j - a potion of curing {unknown}
 k - a potion of brilliance {unknown}


   Skills:
 + Level 1.9 Fighting
 + Level 2.6 Dodging
 + Level 3.4 Unarmed Combat
 * Level 3.8 Shapeshifting


You had 3 spell levels left.
You didn't know any spells.
Your spell library contained the following spells:

 Spells                   Type           Power      Damage    Failure   Level
 Blink                    Tloc           0%         N/A       45%         2
 Momentum Strike          Conj/Tloc      0%         3d8       45%         2
 Death's Door             Necr           0%         N/A       100%        9


Dungeon Overview and Level Annotations

Branches:
Dungeon (2/15)

Altars:


Innate Abilities, Weirdness & Mutations

You are a hulking beast.
Your limbs bulge with bestial killing power. (Slay +2)
You cannot wear most types of armour.
You are amphibious.
You can wear up to eight rings at the same time.
Your skin changes colour to match your surroundings (Stealth+).
Your rubbery body absorbs attacks. (AC +1, EV +1)
((You are camouflaged when in or above water. (Stealth+)))
You have tentacles for arms and can constrict up to eight enemies at once.


Message History

A rat comes into view.
There is an open door here.
A rat is nearby!
The helpless rat fails to defend itself.
You bludgeon the rat!
You kill the rat!
You open the door.
There is an open door here.
You now have 254 gold pieces (gained 9).
There is an open door here.
An adder comes into view.
An adder is nearby!
An adder is nearby!
The helpless adder fails to defend itself.
You tentacle-slap the adder. You grab the adder.
The adder is moderately wounded.
You constrict the adder. The adder bites you.
An adder is nearby!
You bludgeon the adder!
You kill the adder!
g - 3 scrolls of identify (gained 1) 2 gnolls come into view.
The gnoll shouts!
A gnoll comes into view. It is wielding a +0 club.
The gnoll moves out of view.
A gnoll comes into view. It is wielding a +0 flail.
There are monsters nearby!
The gnoll shouts! x3
There are monsters nearby!
The gnoll hits you with a +0 halberd!
Ouch! That really hurt!
There are monsters nearby!
You are too injured to fight recklessly!
There are monsters nearby!
The gnoll barely misses you. The gnoll attacks as it pursues you!
The gnoll hits you from afar with a +0 halberd!
* * * LOW HITPOINT WARNING * * *
The gnoll hits you with a +0 club.
You die...

##♣P.♣♣♣#### #... .######...
###.......####..# ..# ####
##....####...#...# #.#######
#..#### ♣.♣.♣.♣#♣ #.#...†.. #.##
#.......######...##### ..#
######♣.......♣.......######
.#####.............######.##.....
.......###.♣.......♣# #....#'#'
'''''.##...#....h...## ###..#.#†
'''''.#..##♣....g..♣.#### #..####
''_''.#.# #...g...#....###..#.#.
'''''...#..♣.♣.♣.♣#♣###......#'#'
'''''####....gg..# ####...)...
.....# #........# #..)†...
####... #........# #>......
###....$.....# #.......
###.......=# #.......


You could see 4 gnolls.

Vanquished Creatures
  3 adders (D:2)
  6 bats
  An endoplasm (D:2)
  4 giant cockroaches (D:1)
  2 hobgoblins
  4 jackals (D:2)
  5 quokkas
  2 ball pythons (D:2)
  2 frilled lizards
  7 goblins
  6 kobolds
  11 rats
53 creatures vanquished.

Notes
Turn   | Place    | Note
-------+----------+-------------------------------------------
     0 | D:1      | Killerpretzel the Octopode Shapeshifter began the quest for
                  | the Orb.
     0 | D:1      | Reached XP level 1. HP: 13/13 MP: 1/1
    53 | D:1      | Reached XP level 2. HP: 18/18 MP: 2/2
   502 | D:1      | Got the Elucidation of the Discontinuous Catacomb
   703 | D:1      | Reached XP level 3. HP: 22/23 MP: 3/3
  1258 | D:2      | Found a faded altar of an unknown god.
  1349 | D:2      | Reached XP level 4. HP: 29/29 MP: 4/4
  1575 | D:2      | Slain by a gnoll

Illustrated notes

Levels and vault maps discovered:
D:1:      dpeg_arrival_shelter, layout_loops_ring, minmay_misc_feat_columns,
          hangedman_glass_teeth, minmay_gold_behind_fungi
D:2:      layout_rooms, serial_forest, infiniplex_forest_clump_diagonal,
          infiniplex_forest_lined_room_3, infiniplex_forest_corner_2,
          infiniplex_forest_lined_3, infiniplex_forest_lined_room_2,
          infiniplex_forest_3_way, infiniplex_forest_clump_C,
          hellmonk_ecumenical_altar_heavens_door, minmay_rat_gold_closets

Action                     |  1- 3 |  4- 6 || total
---------------------------+-------+-------++-------
  Melee: Unarmed           |    63 |    24 ||    87
         Constrict         |    21 |     6 ||    27
         Tentacles         |    10 |     5 ||    15
         Punch             |       |     2 ||     2
    Use: Scroll            |     3 |       ||     3
   Stab: Sleeping          |     4 |     7 ||    11
         Distracted        |     1 |       ||     1
 Armour: Skin              |    17 |    10 ||    27
  Dodge: Dodged            |    40 |     7 ||    47
